 Seeded DCSS version 0.31-a0-914-g4c35d5e (webtiles) character file.

Game seed: 3092976834585820157 (custom seed)

951 Ayyar the Conjurer (level 7, 0/52 (54) HPs)
             Began as a Deep Elf Conjurer on Oct 16, 2023.
             Slain by a gnoll
             ... wielding a +0 whip
             ... led by a gnoll sergeant
              (5 damage)
             ... on level 4 of the Dungeon.
             The game lasted 00:22:12 (5835 turns).

Ayyar the Conjurer (Deep Elf Conjurer)              Turns: 5835, Time: 00:22:12

HP:   0/52 (54)     AC: 23    Str:  4    XL:     7   Next: 90%
MP:   16/18         EV:  2    Int: 31    God:
Gold: 325           SH:  0    Dex: 13    Spells: 12/18 levels left

rFire   . . .        v - +0 dagger
rCold   . . .        (no shield)
rNeg    . . .        a - melded +0 robe
rPois   +            m - melded +1 hat
rElec   .            g - melded scarf {repulsion}
rCorr   .            (gloves currently unavailable)
SInv    .            (boots currently unavailable)
Will    .....        (no amulet)
Stlth   +++          i - +6 ring of intelligence
HPRegen 0.28/turn    r - ring of poison resistance
MPRegen 0.16/turn

%: no passive effects
@: tree-form, lightly drained
A: stationary, stasis, torment immunity, boosted hp
a: no special abilities


You were on level 4 of the Dungeon.
You were a tree.
You visited 1 branch of the dungeon, and saw 5 of its levels.

You collected 325 gold pieces.

Inventory:

Hand Weapons
 v - a +0 dagger (weapon)
 A - a +0 rapier
Missiles
 w - 6 darts of dispersal
Armour
 a - a +0 robe (melded)
 g - a scarf of repulsion (melded)
 m - a +1 hat (melded)
 p - a +0 cloak
 y - a +0 helmet
Jewellery
 f - an amulet of faith
 i - a +6 ring of intelligence (left branch)
 r - a ring of poison resistance (right branch)
 s - a ring of flight
Wands
 u - a wand of polymorph (3)
Scrolls
 c - a scroll of noise {unknown}
 k - 3 scrolls of blinking {unknown}
 n - 5 scrolls of identify {unknown}
 z - a scroll of enchant armour {unknown}
 B - a scroll of poison {unknown}
 C - a scroll of teleportation {unknown}
 E - a scroll of torment {unknown}
Potions
 b - a potion of magic
 d - a potion of haste {unknown}
 e - 2 potions of lignification
 h - 2 potions of mutation {unknown}
 j - a potion of cancellation {unknown}
 l - a potion of enlightenment {unknown}
 o - 2 potions of heal wounds {unknown}
 q - a potion of brilliance {unknown}
 t - 2 potions of curing {unknown}
 x - a potion of might {unknown}
 D - a potion of ambrosia {unknown}
 F - a potion of invisibility {unknown}


   Skills:
 + Level 2.7 Short Blades
 + Level 5.2 Dodging
 + Level 5.6 Stealth
 + Level 6.0 Spellcasting
 + Level 6.1 Conjurations
 + Level 3.9 Hexes


You had 12 spell levels left.
You knew the following spells:

 Your Spells              Type           Power      Damage    Failure   Level
a - Magic Dart            Conj           100%       1d8       1%          1
b - Searing Ray           Conj           94%        2d7       1%          2
c - Dazzling Flash        Conj/Hex       80%        N/A       1%          3

Your spell library contained the following spells:

 Spells                   Type           Power      Damage    Failure   Level
 Fulminant Prism          Conj/Hex       20%        3d12      6%          4
 Iskenderun's Mystic Bla  Conj/Tloc      28%        2d7       14%         4


Dungeon Overview and Level Annotations

Branches:
Dungeon (5/15)
 Temple: D:4-7

Altars:


Message History

The gnoll shouts! x2
A gnoll comes into view. It is wielding a +0 whip.
The magic dart hits the gnoll.
The gnoll is moderately wounded.
The gnoll shouts!
You hear a shout! x2
A gnoll comes into view. It is wielding a +1 whip of draining.
Casting: Magic Dart (safe; 1% risk of failure)
Confirm with . or Enter, or press ? or * to list all spells.
You can't see any susceptible monsters within range! (Use Z to cast anyway.)
The magic dart hits the gnoll but does no damage.
The gnoll is moderately wounded.
A gnoll sergeant comes into view. It is wielding a +0 trident.
The gnoll sergeant moves out of view.
The gnoll hits you from afar with a +0 spear.
The gnoll attacks as it pursues you!
The gnoll hits you from afar with a +0 spear.
There is a stone staircase leading up here.
The magic dart hits the gnoll sergeant but does no damage.
The gnoll sergeant hits you from afar with a +0 trident!
The gnoll hits you from afar with a +0 spear.
The magic dart hits the gnoll.
The gnoll is severely wounded.
The gnoll sergeant hits you from afar with a +0 trident.
The gnoll completely misses you. The gnoll misses you.
The gnoll sergeant hits you from afar with a +0 trident.
The gnoll hits you with a +1 whip of draining.
* * * LOW HITPOINT WARNING * * *
You feel drained.
* * * LOW HITPOINT WARNING * * *
The gnoll hits you from afar with a +0 spear.
* * * LOW HITPOINT WARNING * * *
You climb upwards.
There is a stone staircase leading down here.
It was a potion of lignification.
You turn into a tree.
Your scarf of repulsion melds into your body.
Your +1 hat melds into your body.
Your +0 robe melds into your body.
The haze of the repulsion field disappears.
Your roots penetrate the ground.
The gnoll hits you with a +0 whip.
You die...

#.# #..........#.....<..##
#####.# #..........#........# ##
#.....# #..........#.####[#### .#
#.##### #..........#....>.....
.###.##################..###.###.
.##...................#..#.#.###.
.##..################.#....#.....
.##.....÷......g..# #.##.#.#..###
.##)#####.......♣.# #....#.#..#
.##..)..........g.# ######.#..#
.#########........# #.#..###
)............<....# #.#.....
##########........# ##.#.####
#....>...# #....# #........#
#....# ########## #....# #....#


You could see 2 gnolls.

Vanquished Creatures
  Sigmund (D:3)
  Menkaure (D:5)
  2 ogres (D:4)
  A phantom (D:4)
  2 scorpions (D:5)
  A hound (D:5)
  An orc priest (D:5)
  2 iguanas (D:5)
  Terence (D:3)
  6 adders
  3 worms (D:2)
  6 dart slugs
  5 orcs
  A bat (D:3)
  7 endoplasms
  4 giant cockroaches
  6 goblins
  11 hobgoblins
  11 jackals
  7 quokkas
  10 ball pythons
  3 frilled lizards
  4 kobolds
  4 rats
100 creatures vanquished.

Notes
Turn   | Place    | Note
-------+----------+-------------------------------------------
     0 | D:1      | Ayyar the Deep Elf Conjurer began the quest for the Orb.
     0 | D:1      | Reached XP level 1. HP: 10/10 MP: 6/6
   315 | D:1      | Reached XP level 2. HP: 15/15 MP: 4/8
  1220 | D:2      | Reached XP level 3. HP: 19/19 MP: 7/10
  2028 | D:2      | Reached XP level 4. HP: 24/24 MP: 2/11
  2098 | D:2      | Learned a level 2 spell: Searing Ray
  2733 | D:3      | Noticed Terence
  2791 | D:3      | Reached skill level 5 in Conjurations
  2853 | D:3      | Learned a level 3 spell: Dazzling Flash
  3001 | D:3      | Noticed Sigmund
  3135 | D:3      | Killed Terence
  3136 | D:3      | Reached XP level 5. HP: 28/28 MP: 6/13
  3223 | D:3      | Reached skill level 1 in Hexes
  3901 | D:4      | Noticed an ogre
  4314 | D:4      | Noticed an ogre
  4494 | D:4      | Noticed a phantom
  4499 | D:4      | Killed a phantom
  4708 | D:5      | Entered Level 5 of the Dungeon
  4758 | D:5      | Reached skill level 1 in Short Blades
  4758 | D:5      | Reached XP level 6. HP: 27/32 MP: 7/15
  4945 | D:5      | Reached skill level 5 in Spellcasting
  5181 | D:5      | Noticed Menkaure
  5185 | D:5      | Killed Menkaure
  5186 | D:5      | Reached skill level 5 in Stealth
  5186 | D:5      | Reached XP level 7. HP: 36/36 MP: 10/17
  5565 | D:4      | Reached skill level 5 in Dodging
  5686 | D:3      | Killed Sigmund
  5835 | D:4      | Slain by a gnoll

Illustrated notes

Levels and vault maps discovered:
D:1:      elethiomel_arrival_infinity_welcomes_careful_drivers, layout_basic,
          hangedman_decor_lopped
D:2:      layout_basic
D:3:      layout_rooms, minmay_misc_feat_hallway, uniq_sigmund, uniq_terence
D:4:      layout_basic
D:5:      layout_cave_pools, nicolae_shop_fire_sale [nicolae_sub_dead_trees],
          nicolae_houndstooth_variations, uniq_menkaure

Skill      XL: |  1  2  3  4  5  6  7 |
---------------+----------------------+-----
Stealth        | 3 4 5 |  5.6
Dodging        | 3 4 5 |  5.2
Spellcasting   | 4 5 6 |  6.0
Conjurations   | 5 6 |  6.1
Hexes          | 1 3 |  3.9
Short Blades   | 1 2 |  2.7

Action                     |  1- 3 |  4- 6 |  7- 9 || total
---------------------------+-------+-------+-------++-------
  Melee: Unarmed           |     3 |       |       ||     3
         Dagger            |       |       |     2 ||     2
   Cast: Magic Dart        |    87 |   110 |    22 ||   219
         Searing Ray       |       |    10 |     4 ||    14
    Use: Potion            |       |       |     1 ||     1
 Armour: Robe              |     5 |    18 |    10 ||    33
         Skin              |       |       |     1 ||     1
  Dodge: Dodged            |     6 |    28 |     8 ||    42
         Repelled          |       |     1 |       ||     1

Table legend: (Time is in decaauts)
 A = Elapsed time spent in this place.
 B = Non-inter-level travel time spent in this place.
 C = Inter-level travel time spent in this place.
 D = Time resting spent in this place.
 E = Time spent auto-exploring this place.
 F = Levels seen in this place.
 G = Mean time per level.
                   A        B        C        D        E       F      G
               +--------+--------+--------+--------+--------+-----+--------+
         Total |   5834 |   5353 |    481 |    381 |   4331 |   5 | 1166.8 |
       Dungeon |   5834 |   5353 |    481 |    381 |   4331 |   5 | 1166.8 |
               +--------+--------+--------+--------+--------+-----+--------+

Top non-repeatable levels by time:
     D:2: 1561 daAuts
     D:4: 1240 daAuts
     D:1: 1206 daAuts
     D:3: 1044 daAuts
     D:5: 782 daAuts
